 Dungeon Crawl Stone Soup version 0.25.0-1-g7eea58d (webtiles) character file.

Game seed: 1944683866764295890

65 Helmschank the Cudgeler (level 4, 0/29 HPs)
             Began as a Gargoyle Monk on June 14, 2020.
             Slain by a goblin
             ... wielding a +1 dagger of speed
             ... led by Robin
              (1 damage)
             ... on level 2 of the Dungeon.
             The game lasted 00:05:31 (2244 turns).

Helmschank the Cudgeler (Gargoyle Monk)             Turns: 2244, Time: 00:05:32

Health: 0/29       AC:  5    Str: 15    XL:     4   Next: 14%
Magic:  4/4        EV: 12    Int: 11    God:
Gold:   88         SH:  0    Dex: 12    Spells: 3/3 levels left

rFire    . . .     SeeInvis .   a - +0 mace
rCold    . . .     Gourm    .   (no shield)
rNeg     + . .     Faith    .   b - +0 robe
rPois    ∞         Spirit   .   (no helmet)
rElec    +         Reflect  .   (no cloak)
rCorr    .         Harm     .   (no gloves)
MR       .....                  (no boots)
Stlth    ++........             (no amulet)
HPRegen  0.09/turn              (no ring)
MPRegen  0.09/turn              (no ring)

@: no status effects
A: negative energy resistance 1, electricity resistance, unbreathing,
petrification resistance, rot immunity, AC +3
a: no special abilities


You were on level 2 of the Dungeon.
You were not hungry.

You visited 1 branch of the dungeon, and saw 3 of its levels.

You collected 88 gold pieces.

Inventory:

Hand Weapons
 a - a +0 mace (weapon)
 f - a +0 mace
 u - a +0 whip
Missiles
 h - 121 stones (quivered)
 P - 31 poisoned darts
Armour
 b - a +0 robe (worn)
 o - a +0 chain mail
Jewellery
 j - an uncursed amulet of magic regeneration {unknown}
 p - a cursed ring of teleportation {unknown}
 s - a +4 ring of protection {unknown}
Wands
 y - a wand of acid (7)
Scrolls
 e - 2 scrolls of random uselessness {unknown}
 k - 8 scrolls of identify {unknown}
 q - a scroll of magic mapping {unknown}
 r - a scroll of remove curse {unknown}
 t - a scroll of enchant weapon {unknown}
 w - a scroll of teleportation {unknown}
Potions
 d - 2 potions of haste {unknown}
 g - a potion of cancellation {unknown}
 i - 2 potions of curing
 l - a potion of degeneration {unknown}
 n - 2 potions of brilliance {unknown}
 v - a potion of might {unknown}
 x - 2 potions of mutation {unknown}
Comestibles
 c - 5 rations


   Skills:
 - Level 4.0 Fighting
 - Level 4.0 Maces & Flails
 + Level 1.8 Armour
 - Level 2.4 Dodging
 - Level 2.1 Stealth


You had 3 spell levels left.
You didn't know any spells.
Your spell library was empty.

Dungeon Overview and Level Annotations

Branches:
Dungeon (3/15)

Altars:
Elyvilon
Makhleb

Annotations:
D:3 Robin


Innate Abilities, Weirdness & Mutations

You are resistant to torment.
Your stone body is resilient. (AC +3)
You are immune to poison.
You resist negative energy. (rN+)
You are resistant to electric shocks. (rElec)
You can survive without breathing.
You are immune to petrification.
You are immune to rotting.


Message History

The goblin hits you but does no damage. The goblin closely misses you.
The hobgoblin hits you but does no damage.
The hobgoblin hits you.
You take 7 damage, and have 12/29 hp.
MASSIVE DAMAGE!!
You thump the goblin!
You kill the goblin!
The goblin hits you but does no damage. The goblin barely misses you.
The hobgoblin hits you with a +0 club.
* * * LOW HITPOINT WARNING * * *
The goblin barely misses you. The hobgoblin hits you.
* * * LOW HITPOINT WARNING * * *
The goblin misses you.
The hobgoblin hits you but does no damage.
The goblin closely misses you.
You take 11 damage, and have 1/29 hp.
MASSIVE DAMAGE!!
It was a potion of curing.
You feel better. The hobgoblin hits you with a +0 club!
* * * LOW HITPOINT WARNING * * *
The goblin hits you with a +1 dagger of speed.
You die...

..........'.).#..###...#.#
..........###.#......#+#<#
##........# #..#.[.......#
#........# ##.#.........#
#.########
#.#.........#### #.#
#.#.........'..# ### #.#
#########...........#.##
#<# #.#
#.)....###ggg.......#.#
#.# #.# #.####.#
#g@g.......#.# #.# #.# #.#
#.# ##)g.......#.####.#
#.###.# #.#
#.#########......#
#.....####.# #.# ########
######.....# #.# #.#####
#.# #.# #.#######
#.########.......#
#..........#####.#


You could see 3 hobgoblins and 3 goblins.

Vanquished Creatures
  2 adders (D:2)
  A worm (D:2)
  An orc (D:3)
  3 bats
  2 giant cockroaches
  5 goblins
  7 hobgoblins
  4 jackals (D:1)
  8 kobolds
  2 frilled lizards (D:1)
  6 rats
41 creatures vanquished.

Notes
Turn   | Place    | Note
-------+----------+-------------------------------------------
     0 | D:1      | Helmschank the Gargoyle Monk began the quest for the Orb.
     0 | D:1      | Reached XP level 1. HP: 14/14 MP: 1/1
   214 | D:1      | Reached XP level 2. HP: 19/19 MP: 2/2
  1025 | D:2      | Reached XP level 3. HP: 21/24 MP: 3/3
  1372 | D:2      | Reached skill level 1 in Armour
  1618 | D:2      | Reached XP level 4. HP: 29/29 MP: 4/4
  1821 | D:3      | Found a burning altar of Makhleb.
  1827 | D:3      | Found a white marble altar of Elyvilon.
  2239 | D:3      | Identified the +0 helmet of Letrobel {Harm rC+ rN+++ MR-}
  2239 | D:3      | Noticed Robin
  2243 | D:2      | HP: 1/29 [hobgoblin[Robin] (6)]
  2244 | D:2      | Slain by a goblin

Illustrated notes

Levels and vault maps discovered:
D:1:      eino_arrival_cavern_e, layout_basic
D:2:      cheibrodos_old_hovel, layout_basic
D:3:      layout_loops_cross, nicolae_overflow_hidden_temple, first_ration,
          uniq_robin

Skill      XL: |  1  2  3 |
---------------+----------+-----
Maces & Flails | 4 |  4.0
Fighting       | 4 |  4.0
Armour         | 1 |  1.8
Dodging        | |  2.4
Stealth        | |  2.1

Action                   |  1- 3 |  4- 6 || total
-------------------------+-------+-------++-------
Melee: Mace              |    80 |     9 ||    89
Throw: Dart              |    80 |     9 ||    89
       Stone             |    14 |     9 ||    23
  Use: Potion            |       |     1 ||     1
  Eat: Chunk             |     2 |     2 ||     4
Armor: Robe              |    28 |     8 ||    36
Dodge: Dodged            |    49 |    19 ||    68
